 Dungeon Crawl Stone Soup version 0.29-a0-409-gd843f3a48c (webtiles) character file.

Game seed: 2354706804314924101

6226 zeratav the Geomancer (level 10, -12/56 HPs)
             Began as an Octopode Earth Elementalist on May 13, 2022.
             Was an Initiate of Gozag.
             Shot with an arrow by a centaur warrior (26 damage)
             ... on level 9 of the Dungeon.
             The game lasted 00:17:46 (11793 turns).

zeratav the Geomancer (OpEE)                       Turns: 11793, Time: 00:17:46

Health: -12/56     AC:  1    Str:  8    XL:     10   Next: 92%
Magic:  22/22      EV: 13    Int: 25    God:    Gozag
Gold:   970        SH:  4    Dex: 19    Spells: 22/26 levels left

rFire   . . .      SeeInvis .   n - +4 mace "Yfyoguast" {pain, Will+, mace}
rCold   . . .      Faith    +   C - +0 buckler
rNeg    + . .      Spirit   .   (helmet restricted)
rPois   .          Reflect  .   G - amulet of Hyiluats {Faith Rampage rN+ Int+4 Stlth-}
rElec   .          Harm     .   i - ring of willpower
rCorr   .          Rampage  +   o - +6 ring of dexterity
Will    ++...                   (no ring)
Stlth   ++........              (no ring)
HPRegen 0.18/turn               (no ring)
MPRegen 0.18/turn               (no ring)
                                (no ring)
                                (no ring)

@: no status effects
A: almost no armour, amphibious, 8 rings, camouflage 1, gelatinous body 1,
(nimble swimmer 1), tentacles
a: Renounce Religion, Potion Petition, Call Merchant, Bribe Branch


You were on level 9 of the Dungeon.
You worshipped Gozag.
Gozag was pleased with you.
You visited 2 branches of the dungeon, and saw 10 of its levels.

You collected 1129 gold pieces.
You paid 159 gold pieces to Gozag.


Innate Abilities, Weirdness & Mutations

You cannot wear most types of armour.
You are amphibious.
You can wear up to eight rings at the same time.
Your skin changes colour to match your surroundings (Stealth+).
Your rubbery body absorbs attacks. (AC +1, EV +1)
((You are camouflaged when in or above water. (Stealth+)))
You have tentacles for arms and can constrict up to eight enemies at once.


   Skills:
 - Level 2.0 Dodging
 - Level 2.6 Stealth
 + Level 8.8 Spellcasting
 - Level 1.0 Transmutations
 * Level 13.4 Earth Magic


You had 22 spell levels left.
You knew the following spells:

 Your Spells              Type           Power      Damage    Failure   Level
a - Sandblast             Erth           100%       2d20      1%          1
b - Stone Arrow           Conj/Erth      88%        3d12      1%          3

Your spell library contained the following spells:

 Spells                   Type           Power      Damage    Failure   Level
 Passwall                 Tmut/Erth      39%        N/A       1%          2
 Petrify                  Tmut/Erth      47%        N/A       3%          4
 Corpse Rot               Necr/Air       22%        N/A       12%         2
 Ensorcelled Hibernation  Hex/Ice        22%        N/A       12%         2
 Poisonous Vapours        Pois/Air       22%        N/A       12%         2
 Spider Form              Tmut/Pois      13%        N/A       19%         3
 Dazzling Flash           Conj/Hex       22%        N/A       22%         3
 Anguish                  Hex/Necr       5%         N/A       58%         4
 Iskenderun's Mystic Bla  Conj/Tloc      11%        2d4       58%         4
 Starburst                Conj/Fire      5%         6d4       100%        6

Inventory:

Hand Weapons
 n - the +4 mace "Yfyoguast" (weapon) {pain, Will+, mace}
   (You found it on level 2 of the Dungeon)

   In the hands of one skilled in necromantic magic, it inflicts extra damage on
   living creatures.
   Will:      It increases your willpower.
Missiles
 a - 154 stones {throwing}
Armour
 C - a +0 buckler (worn)
   (You found it on level 7 of the Dungeon)
 D - a +0 kite shield
   (You took it off a gnoll sergeant on level 7 of the Dungeon)
Jewellery
 i - a ring of willpower (left tentacle)
   (You found it on level 2 of the Dungeon)
 k - a ring of fire
   (You found it on level 2 of the Dungeon)
 m - a ring of ice
   (You found it on level 2 of the Dungeon)
 o - a +6 ring of dexterity (right tentacle)
   (You found it on level 2 of the Dungeon)
 G - the amulet of Hyiluats (around mantle) {Faith Rampage rN+ Int+4 Stlth-}
   (You found it on level 9 of the Dungeon)

   [amulet of faith]

   It allows you to gain divine favour quickly.
   Int:       It affects your intelligence (+4).
   rN:        It protects you from negative energy.
   Rampage:   It bestows one free step when moving towards enemies.
   Stlth:     It makes you less stealthy.
Wands
 q - a wand of mindburst (17)
   (You found it on level 7 of the Dungeon)
 u - a wand of charming (15)
   (You found it on level 4 of the Dungeon)
 x - a wand of polymorph (10)
   (You took it off a gnoll on level 5 of the Dungeon)
 z - a wand of iceblast (3)
   (You found it on level 7 of the Dungeon)
 E - a wand of paralysis (3)
   (You took it off a gnoll on level 8 of the Dungeon)
Scrolls
 d - a scroll of identify {@r1}
 f - 3 scrolls of teleportation {@r4}
 h - 4 scrolls of amnesia {unknown}
 p - 3 scrolls of fear
 r - a scroll of fog
 y - a scroll of immolation {!r!r}
 A - a scroll of enchant armour
 B - a scroll of vulnerability {unknown}
Potions
 b - a potion of magic
 c - 4 potions of heal wounds {unknown}
 e - 2 potions of mutation {unknown}
 g - a potion of resistance {unknown}
 j - 7 potions of curing {unknown}
 l - 3 potions of degeneration {unknown}
 s - a potion of flight {unknown}
 t - a potion of haste {unknown}
 v - a potion of berserk rage {unknown}
 w - a potion of ambrosia {unknown}
 F - a potion of invisibility {unknown}

Dungeon Overview and Level Annotations

Branches:
Dungeon (9/15)             Temple (1/1) D:7
   Lair: D:8-11         Orc: D:9-12

Altars:
Ashenzari
Cheibriados
Dithmenos
Elyvilon
Fedhas
Gozag
Hepliaklqana
Kikubaaqudgha
Makhleb
Nemelex Xobeh
Okawaru
Qazlal
Ru
Sif Muna
Trog
Uskayaw
Vehumet
Wu Jian
Xom
Yredelemnul
Zin
The Shining One

Annotations:
D:3 2 runed translucent doors, SkeletonJelly's ghost, amateur DrMo

#.....# #..##.#........ ......#
#..##....###### ......# ....
#..##......#... ......# c...
#..##..#.....#. ...... ...
#..##.###...### ...### .[#
#..##..#.....#. ...# #.#
#..##.......... ...#
#.#####..#.......##.# ####
#.##@..........))....
#############.c..###.#...#.....#.
........................###...###
.......######....###.##..#.....#.
.......# #)#..# #.##....#.#...
.......# #.#..###.##..........
.......# #....#...............
.......# #......#.##..........
.......# #.............#.#####


You could see a centaur warrior.


Message History

HP[+13] MP[+5]
Your hp is fully restored (56).
Your mp is fully restored (22).
You open the door.
There is an open door here.
You open the door.
A wyvern comes into view.
There is an open door here.
The blast of sand hits the wyvern!
The wyvern hisses angrily.
MP[-1]
You lost 1 mp, and now have 21/22 mp.
The blast of sand hits the wyvern.
You block the wyvern's attack.
MP[-1]
You lost 1 mp, and now have 20/22 mp.
The blast of sand hits the wyvern.
The wyvern closely misses you.
MP[-1]
You lost 1 mp, and now have 19/22 mp.
The blast of sand misses the wyvern.
The wyvern closely misses you. You block the wyvern's attack.
MP[-1]
You lost 1 mp, and now have 18/22 mp.
The blast of sand hits the wyvern!!
You kill the wyvern!
MP[-1]
You lost 1 mp, and now have 17/22 mp.
You now have 934 gold pieces (gained 21).
p - 3 scrolls of fear (gained 1)
You now have 941 gold pieces (gained 7).
A troll comes into view.
MP[+5]
Your mp is fully restored (22).
A troll is nearby!
The troll shouts!
Casting: Sandblast (safe; 1% risk of failure)
Confirm with . or Enter, or press ? or * to list all spells.
Aiming: Stone Arrow (safe; 1% risk of failure)
Press: ? - help, Shift-Dir - straight line, f - troll
Aim: a troll (76% to hit)
The stone arrow hits the troll!
MP[-3]
You lost 3 mp, and now have 19/22 mp.
Casting: Stone Arrow (safe; 1% risk of failure)
Confirm with . or Enter, or press ? or * to list all spells.
Aiming: Stone Arrow (safe; 1% risk of failure)
Press: ? - help, Shift-Dir - straight line, f/p - troll
Aim: a troll (moderately wounded, 76% to hit)
The stone arrow hits the troll!
MP[-3]
You lost 3 mp, and now have 16/22 mp.
Casting: Stone Arrow (safe; 1% risk of failure)
Confirm with . or Enter, or press ? or * to list all spells.
Aiming: Stone Arrow (safe; 1% risk of failure)
Press: ? - help, Shift-Dir - straight line, f/p - troll
Aim: a troll (severely wounded, 76% to hit)
The stone arrow hits the troll!!
You kill the troll!
MP[-3]
You lost 3 mp, and now have 13/22 mp.
You now have 955 gold pieces (gained 14).
h - 4 scrolls labelled COJIAPH GIPAIT (gained 1)
Found an escape hatch in the floor.
MP[+9]
Your mp is fully restored (22).
There is an open door here.
Found a shadowed robe.
Found a stone staircase leading down.
You see here the +1 robe of the Trombone {rN+++ Str+7 Slay-4}.
There is a shaft here.
There is an open door here.
You now have 970 gold pieces (gained 15).
Found a stone staircase leading up.
You see here a +0 ring mail.
A centaur warrior comes into view.
The centaur warrior wields a +0 longbow.
The centaur warrior shoots an arrow.
The arrow misses you.
Aiming: Paralyse
Press: ? - help, Q - select action, (/) - cycle Shift-Dir - straight line, f - centaur warrior
Aim: a centaur warrior, wielding a +0 longbow and quivering stones (chance to affect: 31%)
The centaur warrior easily resists.
The centaur warrior shoots an arrow.
The arrow barely misses you.
The centaur warrior shoots an arrow.
The arrow hits you!!
HP[-19]
You take 19 damage, and now have 37/56 hp.
MASSIVE DAMAGE!! (PAUSE)
Aiming: Paralyse
Press: ? - help, Shift-Dir - straight line, f/p - centaur warrior
Aim: a centaur warrior, wielding a +0 longbow and quivering stones (chance to affect: 31%)
The centaur warrior easily resists.
The centaur warrior shoots an arrow.
The arrow hits you!!
* * * LOW HITPOINT WARNING * * *
HP[-23]
You take 23 damage, and now have 14/56 hp.
MASSIVE DAMAGE!! (PAUSE)
Aiming: Paralyse
Press: ? - help, Shift-Dir - straight line, f/p - centaur warrior
Aim: a centaur warrior, wielding a +0 longbow and quivering stones (chance to affect: 31%)
The centaur warrior easily resists.
The centaur warrior shoots an arrow.
The arrow hits you!!
You die...
Your body crumbles into a pile of gold.

Skill      XL: |  1  2  3  4  5  6  7  8  9 10 |
---------------+-------------------------------+-----
Earth Magic    | 4 5 6 7 9 11 13 | 13.4
Spellcasting   | 3 4 5 6 7 8 |  8.8
Dodging        | |  2.0
Stealth        | |  2.6
Transmutations | |  1.0

Action                   |  1- 3 |  4- 6 |  7- 9 | 10-12 || total
-------------------------+-------+-------+-------+-------++-------
Melee: Unarmed           |     4 |       |       |       ||     4
       Dagger            |     2 |       |       |       ||     2
       Constrict         |     8 |    14 |     1 |       ||    23
       Tentacles         |     4 |    11 |     1 |       ||    16
       Rapier            |    23 |       |       |       ||    23
       Mace              |       |    57 |     3 |     1 ||    61
       Punch             |       |     2 |       |       ||     2
 Cast: Sandblast         |    16 |    48 |    89 |    31 ||   184
       Stone Arrow       |       |       |    63 |    17 ||    80
Evoke: Wand              |       |       |     1 |     5 ||     6
  Use: Scroll            |       |       |     5 |     1 ||     6
 Stab: Sleeping          |    10 |     9 |       |       ||    19
       Distracted        |     1 |       |       |       ||     1
Armor: Skin              |     1 |    11 |     1 |       ||    13
Dodge: Dodged            |    15 |    50 |    32 |    11 ||   108
Block: Buckler           |       |       |     6 |     2 ||     8

Levels and vault maps discovered:
D:1:      minmay_arrival_arboretum_small, layout_loops_ring
D:2:      layout_loops_ring, uniq_crazy_yiuf_cottage, uniq_natasha
D:3:      layout_basic, ebering_ghost_disaster_area, nrook_uturn
D:4:      layout_loops_ring
D:5:      layout_basic
D:6:      layout_basic, uniq_duvessa
D:7:      layout_cave_pods, temple_statues
D:8:      layout_loops_ring, nzn_hepliaklqana_mist_gate, uniq_maggie
D:9:      layout_basic, minmay_strange_pillars
Temple:   nicolae_temple_the_god_donut

Notes
Turn   | Place    | Note
-------+----------+-------------------------------------------
     0 | D:1      | zeratav the Octopode Earth Elementalist began the quest for
                  | the Orb.
     0 | D:1      | Reached XP level 1. HP: 11/11 MP: 3/3
     0 | D:1      | magus.rc [v1.9.6]
   372 | D:1      | Reached XP level 2. HP: 17/17 MP: 5/5
   904 | D:2      | Reached XP level 3. HP: 15/21 MP: 4/6
   991 | D:2      | Noticed Natasha
   999 | D:2      | Killed Natasha
  1000 | D:2      | Reached skill level 4 in Earth Magic
  1127 | D:2      | Found a runed translucent door.
  1128 | D:2      | Noticed Crazy Yiuf
  1134 | D:2      | Noticed Natasha
  1144 | D:2      | HP: 1/21 [Natasha (5)]
  1145 | D:2      | Killed Natasha
  1146 | D:2      | Reached XP level 4. HP: 2/27 MP: 2/8
  1424 | D:2      | Killed Crazy Yiuf
  1425 | D:2      | Reached skill level 3 in Spellcasting
  1429 | D:2      | Identified the +4 mace "Yfyoguast" {pain, Will+}
  1714 | D:2      | Reached XP level 5. HP: 31/31 MP: 9/9
  2053 | D:2      | Noticed Natasha
  2056 | D:2      | Killed Natasha
  2057 | D:2      | Reached skill level 5 in Earth Magic
  2429 | D:3      | Found a large runed translucent door.
  2431 | D:3      | Found a large runed translucent door.
  2434 | D:3      | Noticed SkeletonJelly's ghost (amateur DrMo)
  3030 | D:3      | Learned a level 3 spell: Stone Arrow
  3527 | D:4      | You pick up a book of Vapours and begin reading...
  3527 | D:4      | You add the spells Poisonous Vapours and Corpse Rot to your
                  | library.
  3608 | D:4      | Reached XP level 6. HP: 36/36 MP: 8/11
  4218 | D:5      | Entered Level 5 of the Dungeon
  4269 | D:5      | You pick up a book of Dreams and begin reading...
  4269 | D:5      | You add the spells Ensorcelled Hibernation, Spider Form and
                  | Anguish to your library.
  4360 | D:5      | Reached skill level 6 in Earth Magic
  4697 | D:5      | Reached skill level 4 in Spellcasting
  4900 | D:5      | HP: 7/36 [orc wizard/puff of flame (7)]
  4902 | D:5      | Reached XP level 7. HP: 9/41 MP: 4/13
  5451 | D:5      | Reached skill level 7 in Earth Magic
  6145 | D:6      | Noticed Dowan
  6162 | D:6      | Noticed Duvessa
  6228 | D:6      | Killed Duvessa
  6229 | D:6      | Reached skill level 5 in Spellcasting
  6229 | D:6      | Reached XP level 8. HP: 19/46 MP: 4/15
  6522 | D:6      | Reached skill level 8 in Earth Magic
  6880 | D:6      | Killed Dowan
  7030 | D:7      | Identified the +1 robe of the Vacuum {Int+7}
  7054 | D:7      | Reached skill level 9 in Earth Magic
  7163 | D:7      | Found a staircase to the Ecumenical Temple.
  7224 | Temple   | Entered the Ecumenical Temple
  7693 | Temple   | Became a worshipper of Gozag Ym Sagoz the Greedy
  7888 | D:7      | Reached skill level 6 in Spellcasting
  7998 | D:7      | Reached XP level 9. HP: 51/51 MP: 11/18
  8704 | D:7      | Reached skill level 10 in Earth Magic
  9460 | D:8      | Noticed Maggie
  9544 | D:8      | Killed Maggie
  9748 | D:8      | Noticed a manticore
  9756 | D:8      | HP: 10/51 [manticore (13)]
  9757 | D:8      | Killed a manticore
  9758 | D:8      | Reached skill level 7 in Spellcasting
  9758 | D:8      | Reached skill level 11 in Earth Magic
 10239 | D:8      | Noticed a hornet
 10311 | D:8      | Noticed a two-headed ogre
 10322 | D:8      | Killed a hornet
 10323 | D:8      | Reached XP level 10. HP: 56/56 MP: 14/21
 10365 | D:8      | Killed a two-headed ogre
 10366 | D:8      | Reached skill level 12 in Earth Magic
 10394 | D:8      | Reached skill level 8 in Spellcasting
 11024 | D:8      | You pick up a book of Spectacle and begin reading...
 11024 | D:8      | You add the spells Dazzling Flash, Iskenderun's Mystic
                  | Blast and Starburst to your library.
 11090 | D:8      | Found a hazy altar of Hepliaklqana.
 11240 | D:9      | Noticed a two-headed ogre
 11247 | D:9      | Killed a two-headed ogre
 11248 | D:9      | Reached skill level 13 in Earth Magic
 11385 | D:9      | Identified the amulet of Hyiluats {Faith Rampage rN+ Int+4
                  | Stlth-}
 11731 | D:9      | Identified the +1 robe of the Trombone {rN+++ Str+7 Slay-4}
 11786 | D:9      | Noticed a centaur warrior
 11792 | D:9      | HP: 14/56 [centaur warrior/arrow (23)]
 11793 | D:9      | Shot with an arrow by a centaur warrior

Vanquished Creatures
  2 two-headed ogres
  A manticore (D:8)
  Maggie (D:8)
  2 trolls (D:9)
  A hornet (D:8)
  A wyvern (D:9)
  A wraith (D:9)
  5 yaks (D:8)
  A steam dragon (D:7)
  Duvessa (D:6)
  2 orc warriors
  A sky beast (D:7)
  An ogre (D:6)
  A centaur (D:8)
  3 kobold brigands
  4 bullfrogs
  2 gnoll sergeants
  A necrophage (D:7)
  2 scorpions
  Dowan (D:6)
  6 killer bees (D:8)
  3 jellies
  A howler monkey (D:6)
  Crazy Yiuf (D:2)
  2 hounds (D:5)
  3 orc priests
  A gnoll shaman (D:7)
  Natasha (thrice) (D:2)
  An iguana (D:5)
  4 orc wizards
  21 gnolls
  5 adders
  4 shadow imps
  A white imp (D:8)
  2 worms
  3 dart slugs
  16 orcs
  6 ball pythons
  7 bats
  7 endoplasms
  3 giant cockroaches
  4 goblins
  8 hobgoblins
  3 jackals (D:2)
  2 quokkas
  4 frilled lizards
  19 kobolds
  4 rats
178 creatures vanquished.

Table legend:
 A = Non-vault XP
 B = Vault XP
 C = Vault XP percentage of total XP
 D = Non-vault monster count
 E = Vault monster count
 F = Vault count percentage of total count
                 A         B        C        D         E       F
            +---------+---------+-------+---------+---------+-------
      Total |    8215 |     680 |   7.6 |     173 |       5 |   2.8
            +---------+---------+-------+---------+---------+-------
        D:1 |      28 |       0 |   0.0 |      16 |       0 |   0.0
        D:2 |     111 |      78 |  41.3 |      24 |       2 |   7.7
        D:3 |      88 |       0 |   0.0 |      15 |       0 |   0.0
        D:4 |      82 |       0 |   0.0 |      16 |       0 |   0.0
        D:5 |     473 |       0 |   0.0 |      17 |       0 |   0.0
        D:6 |     603 |     204 |  25.3 |      15 |       2 |  11.8
        D:7 |    1194 |       0 |   0.0 |      28 |       0 |   0.0
        D:8 |    3662 |     398 |   9.8 |      34 |       1 |   2.9
        D:9 |    1974 |       0 |   0.0 |       8 |       0 |   0.0
            +---------+---------+-------+---------+---------+-------

Illustrated notes

Table legend:
 A = Kills in this place as a percentage of kills in entire the game.
 B = Kills by you in this place as a percentage of kills by you in the entire game.
 C = Kills by friends in this place as a percentage of kills by friends in the entire game.
 D = Other kills in this place as a percentage of other kills in the entire game.
 E = Experience gained in this place as a percentage of experience gained in the entire game.
 F = Experience gained in this place divided by the number of levels of this place that you have seen.
                   A       B       C       D       E      F
               +-------+-------+-------+-------+-------+----------------------
         Total | 100.0 | 100.0 |   N/A |   N/A | 100.0 | 889.5
       Dungeon | 100.0 | 100.0 |   N/A |   N/A | 100.0 | 988.3
               +-------+-------+-------+-------+-------+----------------------

Table legend: (Time is in decaauts)
 A = Elapsed time spent in this place.
 B = Non-inter-level travel time spent in this place.
 C = Inter-level travel time spent in this place.
 D = Time resting spent in this place.
 E = Time spent auto-exploring this place.
 F = Levels seen in this place.
 G = Mean time per level.
                   A        B        C        D        E       F      G
               +--------+--------+--------+--------+--------+-----+--------+
         Total |  11828 |  11335 |    493 |   2696 |   7124 |  10 | 1182.8 |
       Dungeon |  11332 |  10903 |    429 |   2696 |   6711 |   9 | 1259.1 |
        Temple |    495 |    431 |     64 |      0 |    413 |   1 |  495.0 |
               +--------+--------+--------+--------+--------+-----+--------+

Top non-repeatable levels by time:
     D:7: 1962 daAuts
     D:8: 1766 daAuts
     D:2: 1561 daAuts
     D:5: 1385 daAuts
     D:4: 1202 daAuts
     D:6: 1071 daAuts
     D:3: 964 daAuts
     D:1: 831 daAuts
     D:9: 587 daAuts
  Temple: 495 daAuts
